 Dungeon Crawl Stone Soup version 0.28.0-45-g0d030f2227 (webtiles) character file.

Game seed: 33789291342539172

228 NinjaNoafa the Firebug (level 5, 0/45 HPs)
             Began as a Draconian Fire Elementalist on Apr 7, 2022.
             Slain by an orc priest
             ... wielding a +0 whip
              (6 damage)
             ... on level 3 of the Dungeon.
             The game lasted 00:08:36 (3262 turns).

NinjaNoafa the Firebug (DrFE)                       Turns: 3262, Time: 00:08:36

Health: 0/45       AC:  6    Str: 16    XL:     5   Next: 71%
Magic:  9/9        EV: 12    Int: 17    God:
Gold:   116        SH:  0    Dex: 12    Spells: 8/10 levels left

rFire   . . .      SeeInvis +   c - +1 dagger (vamp)
rCold   . . .      Faith    .   (no shield)
rNeg    . . .      Spirit   .   (armour unavailable)
rPois   .          Reflect  .   (helmet restricted)
rElec   .          Harm     .   (no cloak)
rCorr   .          Rampage  .   (no gloves)
Will    .....                   i - +0 pair of boots
Stlth   +.........              (no amulet)
HPRegen 0.15/turn               e - +6 ring of strength
MPRegen 0.11/turn               j - ring of see invisible

@: silenced
A: AC +5, unfitting armour, cold-blooded
a: no special abilities


You were on level 3 of the Dungeon.
You visited 1 branch of the dungeon, and saw 4 of its levels.

You collected 116 gold pieces.

Inventory:

Hand Weapons
 b - a +0 short sword
 c - a +1 vampiric dagger (weapon)
Missiles
 a - 129 stones
 d - 5 poisoned darts (quivered)
 k - a boomerang
 o - 6 atropa-tipped darts
Armour
 i - a +0 pair of boots (worn)
Jewellery
 e - a +6 ring of strength (left hand)
 j - a ring of see invisible (right hand)
Scrolls
 g - 2 scrolls of vulnerability {unknown}
 h - a scroll of amnesia {unknown}
 l - a scroll of immolation {unknown}
Potions
 m - a potion of mutation {unknown}
Miscellaneous
 n - a piece from Xom's chessboard (14/15)


   Skills:
 - Level 3.0 Fighting
 * Level 2.4 Dodging
 * Level 2.3 Stealth
 - Level 3.0 Spellcasting
 - Level 3.0 Conjurations
 - Level 3.3 Fire Magic


You had 8 spell levels left.
You knew the following spells:

 Your Spells              Type           Power      Damage    Failure   Level
a - Foxfire               Conj/Fire      52%        2x1d6     4%          1
b - Magic Dart            Conj           48%        1d5       4%          1

Your spell library contained the following spells:

 Spells                   Type           Power      Damage    Failure   Level
 Scorch                   Fire           28%        2d6       7%          2
 Conjure Flame            Conj/Fire      13%        6-21      14%         3
 Call Imp                 Summ           2%         N/A       26%         2
 Corpse Rot               Necr/Air       4%         N/A       26%         2
 Poisonous Vapours        Pois/Air       4%         N/A       26%         2
 Inner Flame              Hex/Fire       8%         N/A       26%         3
 Mephitic Cloud           Conj/Pois/Air  5%         N/A       34%         3
 Flame Wave               Conj/Fire      13%        2d6       43%         4


Dungeon Overview and Level Annotations

Branches:
Dungeon (4/15)
 Temple: D:4-7

Altars:
Elyvilon
Xom


Innate Abilities, Weirdness & Mutations

Your plain brown scales are hard. (AC +5)
You cannot fit into any form of body armour.
You are cold-blooded and may be slowed by cold attacks.


Message History

You barely miss the orc priest.
You tail-slap the orc priest, but do no damage.
The orc priest is lightly wounded.
The giant cockroach bites you.
The orc priest hits you but does no damage.
The giant cockroach misses you.
You hit the orc priest but do no damage.
The orc priest is lightly wounded.
The giant cockroach barely misses you. The orc priest closely misses you.
You hit the orc priest but do no damage.
The orc priest is lightly wounded.
The giant cockroach closely misses you.
The orc priest looks braver for a moment.
You hit the orc priest but do no damage.
Your tail-slap misses the orc priest.
The orc priest is lightly wounded.
The giant cockroach barely misses you. The orc priest hits you with a +0 whip.
You hit the orc priest but do no damage.
You tail-slap the orc priest, but do no damage.
Your punch misses the orc priest.
The orc priest is lightly wounded.
The giant cockroach bites you but does no damage.
The orc priest invokes the aid of Beogh against you.
Beogh smites you!
* * * LOW HITPOINT WARNING * * *
You make a move on Xom's chessboard...
The giant cockroach seems to slow down.
The giant cockroach bites you but does no damage.
The orc priest hits you with a +0 whip.
* * * LOW HITPOINT WARNING * * *
As you read the scroll of silence, it crumbles to dust.
A profound silence engulfs you. The giant cockroach closely misses you.
The orc priest barely misses you.
You hit the orc priest but do no damage.
The orc priest is lightly wounded.
The giant cockroach barely misses you.
The orc priest hits you but does no damage.
You hit the orc priest.
You feel better.
The orc priest is lightly wounded.
The orc priest hits you with a +0 whip.
You die...

############ #..........#
#.########.# #.# #.#
##################.########.#####
...............o@B...............
##################.########.#.###
#.# #o#.# ###########.# #.#<#
#...........# #<#.# #.###########
#.#.# #.#......# #.#.# #.##.###.#
#.#.# #.##.###.######## #.#.#


You could see an orc priest and a giant cockroach (slow).

Vanquished Creatures
  An orc warrior (D:3)
  2 orc wizards (D:3)
  4 adders (D:2)
  A worm (D:3)
  2 dart slugs
  3 orcs
  7 ball pythons
  3 endoplasms
  3 giant cockroaches
  3 goblins (D:1)
  3 hobgoblins
  4 kobolds
  8 bats
  3 frilled lizards
  2 rats (D:1)
49 creatures vanquished.

Vanquished Creatures (others)
  42 foxfires
42 creatures vanquished.

Grand Total: 91 creatures vanquished

Notes
Turn   | Place    | Note
-------+----------+-------------------------------------------
     0 | D:1      | NinjaNoafa the Draconian Fire Elementalist began the quest
                  | for the Orb.
     0 | D:1      | Reached XP level 1. HP: 14/14 MP: 3/3
   180 | D:1      | Reached XP level 2. HP: 16/22 MP: 1/5
   457 | D:1      | Reached skill level 1 in Fighting
  1096 | D:2      | Reached XP level 3. HP: 25/28 MP: 3/6
  1229 | D:2      | Found a faded altar of an unknown god.
  1601 | D:2      | Reached XP level 4. HP: 23/35 MP: 7/7
  1915 | D:3      | Noticed an orc warrior
  2354 | D:3      | Found a white marble altar of Elyvilon.
  2424 | D:3      | Killed an orc warrior
  2425 | D:3      | Reached XP level 5. HP: 32/42 MP: 7/9
  2635 | D:3      | Identified the +0 robe "Fuyddauma" {rPois rC+}
  2876 | D:3      | Learned a level 1 spell: Magic Dart
  3236 | D:4      | Found a shimmering altar of Xom.
  3262 | D:3      | Slain by an orc priest

Illustrated notes

Levels and vault maps discovered:
D:1:      evilmike_arrival_rings, layout_loops_ring, st_stairs_5
D:2:      layout_loops_ring, ebering_ecumenical_altar_mist
D:3:      layout_basic, elyvilon_altar_4
D:4:      layout_rooms, xom_butterflies, uniq_grinder, uniq_ijyb

Skill      XL: |  1  2  3  4  5 |
---------------+----------------+-----
Dodging        | 2 |  2.4
Stealth        | 2 |  2.3
Fighting       | 1 2 3 |  3.0
Conjurations   | 2 3 |  3.0
Spellcasting   | 3 |  3.0
Fire Magic     | |  3.3

Action                   |  1- 3 |  4- 6 || total
-------------------------+-------+-------++-------
Melee: Unarmed           |     5 |       ||     5
       Dagger            |    58 |    62 ||   120
       Short sword       |     6 |       ||     6
       Tailslap          |     9 |    10 ||    19
       Punch             |     3 |     2 ||     5
 Cast: Foxfire           |    19 |    15 ||    34
       Magic Dart        |       |     4 ||     4
Evoke: Piece from Xom's  |       |     1 ||     1
  Use: Potion            |       |     3 ||     3
       Scroll            |       |     3 ||     3
 Stab: Sleeping          |     2 |     2 ||     4
       Distracted        |     1 |       ||     1
Armor: Skin              |    31 |    25 ||    56
Dodge: Dodged            |    65 |    64 ||   129
